 Dungeon Crawl Stone Soup version 0.30-a0-802-gb92711bcdf (webtiles) character file.

Game seed: 6139543447457086331

158 Iich the Chopper (level 5, -1/48 HPs)
             Began as a Hill Orc Fighter on Feb 23, 2023.
             Killed from afar by an orc wizard (13 damage)
             ... with a puff of flame
             ... on level 2 of the Dungeon.
             The game lasted 00:01:59 (1164 turns).

Iich the Chopper (Hill Orc Fighter)                 Turns: 1164, Time: 00:01:59

Health: -1/48      AC:  8    Str: 19    XL:     5   Next: 40%
Magic:  0/5        EV:  9    Int:  8    God:
Gold:   69         SH:  4    Dex: 12    Spells: 4/4 levels left

rFire   . . .      SeeInvis .    a - +0 war axe
rCold   . . .      Faith    .    c - +0 buckler
rNeg    . . .      Spirit   +    b - +0 scale mail
rPois   .          Reflect  .    (no helmet)
rElec   .          Harm     .    (no cloak)
rCorr   .          Rampage  .    o - +0 pair of gloves
Will    +....                    (no boots) Stlth
                                 g - amulet of guardian spirit
HPRegen 0.28/turn                n - ring of willpower
MPRegen 0.09/turn                (no ring)

@: no status effects
A: no striking features
a: Convert to Beogh


You were on level 2 of the Dungeon.
You visited 1 branch of the dungeon, and saw 2 of its levels.

You collected 69 gold pieces.

Inventory:

Hand Weapons
 a - a +0 war axe (weapon)
Armour
 b - a +0 scale mail (worn)
 c - a +0 buckler (worn)
 o - a +0 pair of gloves (worn)
Jewellery
 g - an amulet of guardian spirit (around neck)
 n - a ring of willpower (left hand)
Scrolls
 e - a scroll of identify {unknown}
 f - a scroll of enchant weapon {unknown}
 k - 2 scrolls of teleportation
 l - a scroll of immolation {unknown}
 q - a scroll of amnesia {unknown}
Potions
 d - a potion of might
 h - a potion of degeneration {unknown}
 i - a potion of mutation {unknown}
 j - a potion of resistance {unknown}
 m - 2 potions of curing
 p - a potion of attraction {unknown}


   Skills:
 + Level 5.0 Fighting
 * Level 6.1 Axes
 - Level 3.2 Armour
 - Level 3.2 Shields


You had 4 spell levels left.
You didn't know any spells.
Your spell library contained the following spells:

 Spells                   Type           Power      Damage    Failure   Level
 Iskenderun's Battlesphe  Conj           0%         2d6       100%        5
 Iron Shot                Conj/Erth      0%         9d1       100%        6
 Spellforged Servitor     Conj/Summ      0%         N/A       100%        7


Dungeon Overview and Level Annotations

Branches:
Dungeon (2/15)

Altars:


Message History

You barely miss the orc wizard.
The orc priest hits you but does no damage.
The orc wizard hits you with a +0 dagger.
You slash the orc priest!
You kill the orc priest!
You closely miss the orc wizard.
The orc wizard hits you but does no damage.
Your Fighting skill increases to level 5!
Your Axes skill increases to level 6!
You slash something! You barely miss the orc. You closely miss the orc wizard.
Something completely misses you. The orc wizard casts a spell at you.
The puff of flame hits you. The orc hits you with a +0 short sword.
* * * LOW HITPOINT WARNING * * *
You closely miss something. You hit the orc. You hit the orc wizard.
Something hits you but does no damage.
The orc wizard hits you but does no damage.
The orc closely misses you.
The orc wizard points at you and mumbles some strange words.
The magic dart hits you.
* * * LOW HITPOINT WARNING * * *
The orc hits you with a +0 short sword.
* * * LOW HITPOINT WARNING * * *
Something hits you but does no damage.
You closely miss the orc wizard.
The orc wizard is severely wounded.
You closely miss something. You closely miss the orc.
Something hits you but does no damage.
The orc wizard points at you and mumbles some strange words.
The magic dart hits you.
* * * LOW HITPOINT WARNING * * *
The orc barely misses you.
The orc priest threatens, "By the altar or by the axe, you will meet Beogh!"
You hit the orc wizard.
The orc wizard is almost dead.
You closely miss the orc. You hit something but do no damage.
Something hits you but does no damage.
The orc wizard points at you and mumbles some strange words.
The puff of flame hits you!
You die...

#.. #.[.# #.###..###..## # #..
#...# #..........#.### #..
#...########..######.#.
#.##..######).# ##.#
#.##....##.)..# #.#
#.##..#.##.##.# #.#
#.......##.##.# #.#
#....o........#######.#
....##.o@...............# #
###.###{####.############ ### #.#
#o# #.# ..# #.###.####.## ## #.#
.#####.##...##...## #. #.#
................#.## #. ..#
####.......#####.# ####+ ..#
#..##......##.# #≈≈§.
..#########..##.#.##.##.#####≈.§§


You could see an orc priest, an orc wizard and an orc.

Vanquished Creatures
  2 orc priests (D:2)
  7 adders (D:2)
  A dart slug (D:2)
  An orc (D:2)
  A bat (D:1)
  2 endoplasms (D:1)
  A giant cockroach (D:2)
  7 goblins
  3 hobgoblins
  A quokka (D:1)
  3 ball pythons
  3 frilled lizards
  3 kobolds
  5 rats
40 creatures vanquished.

Notes
Turn   | Place    | Note
-------+----------+-------------------------------------------
     0 | D:1      | Iich the Hill Orc Fighter began the quest for the Orb.
     0 | D:1      | Reached XP level 1. HP: 19/19 MP: 1/1
    33 | D:1      | Reached skill level 3 in Axes
    50 | D:1      | Reached XP level 2. HP: 27/27 MP: 2/2
   483 | D:2      | Reached skill level 4 in Axes
   526 | D:2      | Reached XP level 3. HP: 33/33 MP: 3/3
   752 | D:2      | Reached skill level 5 in Axes
   752 | D:2      | Reached XP level 4. HP: 41/41 MP: 4/4
   849 | D:2      | Found a faded altar of an unknown god.
  1153 | D:2      | Reached XP level 5. HP: 36/47 MP: 5/5
  1161 | D:2      | Reached skill level 5 in Fighting
  1161 | D:2      | Reached skill level 6 in Axes
  1164 | D:2      | Killed from afar by an orc wizard

Illustrated notes

Levels and vault maps discovered:
D:1:      sevenhm_arrival_forest_fort_small_3, layout_rooms, minmay_pentomino_s2
D:2:      cheibrodos_pilgrimage, layout_loops_ring,
          ebering_ecumenical_altar_rust, grunt_ministairs_7,
          kennysheep_generic_room_11

Skill      XL: |  1  2  3  4  5 |
---------------+----------------+-----
Axes           | 3 4 5 6 |  6.1
Fighting       | 4 5 |  5.0
Armour         | |  3.2
Shields        | |  3.2

Action                     |  1- 3 |  4- 6 || total
---------------------------+-------+-------++-------
  Melee: War axe           |    88 |    44 ||   132
    Use: Scroll            |     1 |       ||     1
         Potion            |     1 |       ||     1
 Armour: Scale mail        |    43 |    27 ||    70
  Dodge: Dodged            |    31 |    23 ||    54
  Block: Buckler           |    19 |     6 ||    25

Table legend: (Time is in decaauts)
 A = Elapsed time spent in this place.
 B = Non-inter-level travel time spent in this place.
 C = Inter-level travel time spent in this place.
 D = Time resting spent in this place.
 E = Time spent auto-exploring this place.
 F = Levels seen in this place.
 G = Mean time per level.
                   A        B        C        D        E       F      G
               +--------+--------+--------+--------+--------+-----+--------+
         Total |   1206 |   1201 |      5 |      0 |    889 |   2 |  603.0 |
       Dungeon |   1206 |   1201 |      5 |      0 |    889 |   2 |  603.0 |
               +--------+--------+--------+--------+--------+-----+--------+

Top non-repeatable levels by time:
     D:2: 739 daAuts
     D:1: 467 daAuts
